 Dungeon Crawl Stone Soup version 0.21.1-1-g345015f (webtiles) character file.

123 VLARC the Digger (level 5, -1/38 HPs)
             Began as a Ghoul Earth Elementalist on Apr 4, 2018.
             Killed from afar by an orc wizard (8 damage)
             ... with a puff of flame
             ... on level 3 of the Dungeon.
             The game lasted 00:03:57 (1276 turns).

VLARC the Digger (Ghoul Earth Elementalist)         Turns: 1276, Time: 00:03:58

Health: -1/38      AC:  3    Str: 12    XL:     5   Next: 7%
Magic:  0/6        EV: 12    Int: 11    God:
Gold:   65         SH:  0    Dex:  9    Spells: 6/7 levels left

rFire    . . .     SeeInvis .   (no weapon)
rCold    + . .     Gourm    .   (no shield)
rNeg     + + +     Faith    .   c - +0 robe
rPois    ∞         Spirit   .   (no helmet)
rElec    .         Reflect  .   (no cloak)
rCorr    .         Harm     .   (no gloves)
MR       .....                  a - +0 pair of boots
Stlth    ++........             (no amulet)
HPRegen  0.00/turn              (no ring)
MPRegen  0.10/turn              (no ring)

@: rotting
A: rotting body, claws 1, carnivore, cold resistance 1, negative energy
resistance 3, inhibited regeneration, torment resistance, unbreathing
a: no special abilities


You were on level 3 of the Dungeon.
You were not hungry.

You visited 1 branch of the dungeon, and saw 3 of its levels.

You collected 65 gold pieces.

Inventory:

Missiles
 b - 13 stones (quivered)
Armour
 a - a +0 pair of boots (worn)
 c - a +0 robe (worn)
Scrolls
 f - a scroll of remove curse {unknown}
Potions
 h - a potion of berserk rage {unknown}
 i - a potion of might {unknown}
 j - a potion of agility {unknown}
Books
 e - a book of Geomancy

   Spells                             Type                      Level
   a - Sandblast                      Earth                        1
   b - Passwall                       Transmutation/Earth          2
   c - Stone Arrow                    Conjuration/Earth            3
   d - Petrify                        Transmutation/Earth          4
   e - Lee's Rapid Deconstruction     Earth                        5
Comestibles
 d - 2 rations


   Skills:
 - Level 1.7 Dodging
 - Level 2.1 Stealth
 - Level 1.7 Spellcasting
   Level 0.8 Transmutations
 + Level 6.1 Earth Magic


You had 6 spell levels left.
You knew the following spells:

 Your Spells              Type           Power        Failure   Level  Hunger
a - Sandblast             Erth           ##....       2%          1    ##.....


Dungeon Overview and Level Annotations

Branches:
Dungeon (3/15)

Altars:
Fedhas
Sif Muna
The Shining One

Annotations:
D:2 pack of bees


Innate Abilities, Weirdness & Mutations

Your body is rotting away.
You thrive on raw meat.
You are immune to poison.
You have sharp fingernails.
You are carnivorous and can eat meat at any time.
Your flesh is cold resistant. (rC+)
You are immune to negative energy. (rN+++)
You do not regenerate when monsters are visible.
You are immune to unholy pain and torment.
You can survive without breathing.


Message History

Eat a chunk of flesh? (ye/n/q)
You eat the chunk of flesh.
This raw flesh tastes great!
The orc wizard hits you with a dagger. The orc barely misses you.
Okay, then.
The orc wizard gestures at you while chanting.
The puff of flame hits you!
Casting: Sandblast
Confirm with . or Enter, or press ? or * to list all spells.
You don't have enough magic to cast that spell.
The orc wizard casts a spell at you. The magic dart hits you!
* * * LOW HITPOINT WARNING * * *
There is a stone staircase leading down here.
Unknown command.
You aren't carrying any items that you can evoke.
Okay, then.
Okay, then.
The orc wizard points at you and mumbles some strange words.
The puff of flame hits you!
You die...

##+## . ##...##
P.P. ##.<...##.._..
##.........P.P. .##
#..............
....+.........+....
.......÷@.....# ##.
######..>....## #
#......##
#######o....##
+.._.)o.†#+##
###.###.## #.# #.#
..#


You could see an orc wizard and an orc.

Vanquished Creatures
  A killer bee (D:2)
  An orc priest (D:3)
  A dart slug (D:1)
  2 leopard geckos (D:1)
  2 orcs (D:3)
  5 bats
  A giant cockroach (D:1)
  2 hobgoblins
  8 jackals (D:2)
  4 kobolds
  4 frilled lizards
  8 goblins
  3 rats (D:1)
42 creatures vanquished.

Notes
Turn   | Place    | Note
-------+----------+-------------------------------------------
     0 | D:1      | VLARC the Ghoul Earth Elementalist began the quest for the Orb.
     0 | D:1      | Reached XP level 1. HP: 14/14 MP: 2/2
    98 | D:1      | Reached XP level 2. HP: 16/20 MP: 0/3
   147 | D:1      | Reached skill level 4 in Earth Magic
   486 | D:1      | Found a glowing golden altar of the Shining One.
   670 | D:1      | Reached XP level 3. HP: 25/26 MP: 4/4
   893 | D:2      | Noticed a killer bee
   894 | D:2      | Noticed a killer bee
   895 | D:2      | Noticed a killer bee
   895 | D:2      | Noticed a killer bee
   902 | D:2      | Killed a killer bee
   902 | D:2      | Reached skill level 5 in Earth Magic
   902 | D:2      | Reached XP level 4. HP: 6/33 MP: 0/5
  1145 | D:3      | Found a blossoming altar of Fedhas.
  1249 | D:3      | Found a deep blue altar of Sif Muna.
  1253 | D:3      | Reached skill level 6 in Earth Magic
  1253 | D:3      | Reached XP level 5. HP: 36/38 MP: 1/6
  1276 | D:3      | Killed from afar by an orc wizard

Skill      XL: |  1  2  3  4 |
---------------+-------------+-----
Earth Magic    | 4 5 6 |  6.1
Dodging        | |  1.7
Stealth        | |  2.1
Spellcasting   | |  1.7
Transmutations | |  0.8

Action                   |  1- 3 |  4- 6 || total
-------------------------+-------+-------++-------
Melee: Unarmed           |    63 |   110 ||   173
 Cast: Sandblast         |    20 |    18 ||    38
 Stab: Sleeping          |     2 |       ||     2
  Eat: Chunk             |    10 |    16 ||    26
Armor: Robe              |    16 |    36 ||    52
Dodge: Dodged            |    49 |    93 ||   142
